WCHLSIM.com - West Coast Hockey League
html PUBLIC "-//W3C//DTD XHTML 1.0 Transitional//EN" "http://www.w3.org/TR/xhtml1/DTD/xhtml1-transitional.dtd"> WCHL - Game 47 - SASKATOON DUCKS vs KANSAS CITY KILLERBEES

SASKATOON DUCKS vs KANSAS CITY KILLERBEES

Created - 18 octobre 2023 at 22:14

Goals
1 2 3 OT1 T
SASKATOON DUCKS 1 1 0 0 2
KANSAS CITY KILLERBEES 1 1 0 1 3
Shots
1 2 3 OT1 T
SASKATOON DUCKS 16 11 7 0 34
KANSAS CITY KILLERBEES 3 9 5 1 18

1st period

1. KANSAS CITY KILLERBEES , Philipp Kurashev 1 (Boone Jenner 1, Riley Stillman 1) at 3:53
2. SASKATOON DUCKS , Artemi Panarin 1 (Jake Sanderson 2, Kailer Yamamoto 1) at 6:02

Penalties :
Nicholas Paul (KCK) for Hooking (Minor) at 9:16

2nd period

3. SASKATOON DUCKS , Artemi Panarin 2 (Kevin Shattenkirk 3, Kailer Yamamoto 2) at 2:15
4. KANSAS CITY KILLERBEES , Boone Jenner 1 (K'Andre Miller 1, Mattias Ekholm 1) at 10:45

Penalties :
Morgan Barron (KCK) for Tripping (Minor) at 3:59, Kailer Yamamoto (SAS) for Tripping (Minor) at 3:59, K'Andre Miller (KCK) for Boarding (Minor) at 14:25, Phil Kessel (SAS) for Tripping (Minor) at 14:25

3rd period

No Goal

Penalties :
Mattias Ekholm (KCK) for Holding (Minor) at 17:58

Overtime #1

5. KANSAS CITY KILLERBEES , Boone Jenner 2 (Mattias Ekholm 2) at 0:08

Penalties :
No Penalty

Goalie Stats

Tristan Jarry (SAS), 15 saves from 18 shots - (0,833), OTL, 0-2-1, 60:09 minutes
Ilya Samsonov (KCK), 32 saves from 34 shots - (0,941), W, 1-2-0, 60:09 minutes

Players Stats for SASKATOON DUCKS

Player Name              G  A  P  +/- PIM S  H  SB GA TA FO     MP     PP MP  PK MP  
------------------------------------------------------------------------------------
Anthony Duclair          0  0  0   0  0   2  0  0  0  0  1/2     6:38   0:00   0:00 
Artemi Panarin           2  0  2   0  0   8  0  0  0  0  0/1    18:50   1:26   0:00 
Brendan Lemieux          0  0  0   0  0   0  0  0  0  0  1/1     6:38   0:00   0:00 
Ivan Barbashev           0  0  0  -1  0   2  1  0  0  0  1/1    21:22   2:32   0:00 
Jake Guentzel            0  0  0  -1  0   5  0  1  0  0  0/0    24:02   2:32   0:00 
Jake Sanderson           0  1  1  -1  0   1  2  0  0  0  0/0    22:13   1:17   0:00 
Jaycob Megna             0  0  0   1  0   0  2  0  0  0  0/0    13:52   0:00   0:00 
Kailer Yamamoto          0  2  2   1  2   1  2  0  0  0  0/0    15:23   0:00   0:00 
Kevin Shattenkirk        0  1  1   1  0   0  0  0  0  0  0/0    13:52   0:00   0:00 
Mathieu Joseph           0  0  0   0  0   2  0  0  0  0  0/1    11:12   0:00   0:00 
Milan Lucic              0  0  0   0  0   0  0  0  0  0  0/0     6:38   0:00   0:00 
Paul Stastny             0  0  0   0  0   1  0  0  0  0  6/12   11:12   0:00   0:00 
Phil Kessel              0  0  0   0  2   2  0  0  0  0  1/1    12:37   1:26   0:00 
Roman Josi               0  0  0  -1  0   2  2  0  0  0  0/0    24:04   2:41   0:00 
Ryan McDonagh            0  0  0   0  0   2  0  0  0  0  0/0    21:29   1:17   0:00 
Ryan Strome              0  0  0   1  0   0  1  0  0  0  16/25  18:08   1:26   0:00 
Samuel Girard            0  0  0  -1  0   0  1  2  0  0  0/0    24:06   2:41   0:00 
Sidney Crosby            0  0  0  -2  0   6  1  0  0  0  13/29  24:11   2:32   0:00 

Players Stats for KANSAS CITY KILLERBEES

Player Name              G  A  P  +/- PIM S  H  SB GA TA FO     MP     PP MP  PK MP  
------------------------------------------------------------------------------------
Alexis Lafreniere        0  0  0  -1  0   1  0  0  0  0  0/0    16:32   0:00   0:59 
Anders Bjork             0  0  0   0  0   0  0  0  0  0  0/0     7:20   0:00   0:00 
Boone Jenner             2  1  3   3  0   3  3  0  0  0  15/22  23:07   0:00   2:46 
Daniel Walcott           0  0  0   1  0   0  1  0  0  0  0/0    17:01   0:00   1:49 
Jacob Muzzin             0  0  0   0  0   0  3  1  0  0  0/0    20:58   0:00   1:23 
Jakub Voracek            0  0  0  -1  0   0  0  0  0  0  3/3    11:44   0:00   0:00 
James van Riemsdyk       0  0  0   2  0   3  1  0  0  0  2/8    19:52   0:00   1:12 
Jaret Anderson-Dolan     0  0  0   0  0   1  0  0  0  0  1/3     7:20   0:00   0:00 
K'Andre Miller           0  1  1   0  2   1  0  1  0  0  0/0    22:13   0:00   1:58 
Mattias Ekholm           0  2  2   1  2   1  2  1  0  0  0/0    22:11   0:00   0:39 
Morgan Barron            0  0  0  -1  2   0  0  0  0  0  0/10   11:43   0:00   0:00 
Nicholas Paul            0  0  0  -1  2   2  0  1  0  0  2/2    17:17   0:00   0:32 
Nicolas Aube-Kubel       0  0  0   0  0   0  1  0  0  0  1/1     7:20   0:00   0:00 
Philipp Kurashev         1  0  1   2  0   4  1  0  0  0  1/5    22:58   0:00   2:46 
Riley Stillman           0  1  1   0  0   1  1  2  0  0  0/0    16:46   0:00   0:35 
Sean Walker              0  0  0   0  0   0  0  2  0  0  0/0    20:48   0:00   1:13 
Tyler Johnson            0  0  0  -1  0   1  1  0  0  0  9/19   15:33   0:00   0:00 
Zach Aston-Reese         0  0  0  -1  0   0  4  1  0  0  0/0    11:44   0:00   0:00 

3 Stars

1 - Boone Jenner (KCK)
2 - Artemi Panarin (SAS)
3 - Philipp Kurashev (KCK)

Power Play

SASKATOON DUCKS - 0 on 2 Attempt(s) - 0,00%
KANSAS CITY KILLERBEES - 0 on 0 Attempt(s) - 0,00%

Penalty Kill

SASKATOON DUCKS - 0 on 0 Attempt(s) - 0,00% - Score 0 goal in Penalty Kill
KANSAS CITY KILLERBEES - 2 on 2 Attempt(s) - 100,00% - Score 0 goal in Penalty Kill

Team Stat

SASKATOON DUCKS - Hits : 12 - Faceoff Wins : 39 - Blocked Shots : 3 - Penalty Minutes : 4
KANSAS CITY KILLERBEES - Hits : 18 - Faceoff Wins : 34 - Blocked Shots : 9 - Penalty Minutes : 8

Official

Referees : Corey Syvret and Michael Markovic
Linesman : Jake Davis and Matt MacPherson

Game Notes

No Game Note

Finance

Level 1 -- Attendance: 6500 (100,00%) -- Ticket Income 975 000 $
Level 2 -- Attendance: 4118 (77,70%) -- Ticket Income 494 160 $
Level 3 -- Attendance: 2500 (100,00%) -- Ticket Income 225 000 $
Level 4 -- Attendance: 4200 (100,00%) -- Ticket Income 210 000 $
Luxury Box -- Attendance: 1020 (100,00%) -- Ticket Income 295 800 $
Game was played at the Missouri Beehive Complex.
Total Attendance: 18338 (93,94%)
Total Ticket Income: 2 199 960 $
Other Expense: 22 000 $
Total Income: 2 177 960 $

SASKATOON DUCKS

5 vs 5 Forward 
   Center                   Left Wing                Right Wing               Time % Phy DF OF 
 1 Sidney Crosby            Jake Guentzel            Ivan Barbashev           40     0   1  4  
 2 Ryan Strome              Artemi Panarin           Kailer Yamamoto          30     1   2  2  
 3 Paul Stastny             Mathieu Joseph           Phil Kessel              20     0   3  2  
 4 Anthony Duclair          Milan Lucic              Brendan Lemieux          10     0   3  2  

5 vs 5 Defense 
   Defense                  Defense                                           Time % Phy DF OF 
 1 Roman Josi               Ryan McDonagh                                     40     1   2  2  
 2 Jake Sanderson           Samuel Girard                                     40     1   2  2  
 3 Kevin Shattenkirk        Jaycob Megna                                      20     1   2  2  
 4 Roman Josi               Ryan McDonagh                                     0      1   2  2  

PowerPlay Forward 
   Center                   Left Wing                Right Wing               Time % Phy DF OF 
 1 Sidney Crosby            Ivan Barbashev           Jake Guentzel            55     0   0  5  
 2 Ryan Strome              Artemi Panarin           Phil Kessel              45     0   0  5  

PowerPlay Defense
   Defense                  Defense                                           Time % Phy DF OF 
 1 Roman Josi               Samuel Girard                                     55     0   0  5  
 2 Jake Sanderson           Ryan McDonagh                                     45     0   0  5  

Penalty Kill 4 Players Forward 
   Center                   Wing                     Time % Phy DF OF 
 1 Sidney Crosby            Mathieu Joseph           55     0   4  1  
 2 Jake Guentzel            Ivan Barbashev           45     0   4  1  

Penalty Kill 4 Players Defense
   Defense                  Defense                  Time % Phy DF OF 
 1 Kevin Shattenkirk        Ryan McDonagh            55     0   4  1  
 2 Samuel Girard            Jaycob Megna             45     0   4  1  

Penalty Kill - 3 Players Forward 
   Forward                                           Time % Phy DF OF 
 1 Sidney Crosby                                     55     0   5  0  
 2 Ryan Strome                                       45     0   5  0  

Penalty Kill - 3 Players Defense
   Defense                  Defense                  Time % Phy DF OF 
 1 Roman Josi               Samuel Girard            55     0   5  0  
 2 Jaycob Megna             Kevin Shattenkirk        45     0   5  0  

4 vs 4 Forward 
   Center                   Wing                     Time % Phy DF OF 
 1 Sidney Crosby            Jake Guentzel            55     1   2  2  
 2 Ryan Strome              Artemi Panarin           45     1   2  2  

4 vs 4 Defense
   Defense                  Defense                  Time % Phy DF OF 
 1 Roman Josi               Samuel Girard            55     1   2  2  
 2 Jake Sanderson           Ryan McDonagh            45     1   2  2  

Last Minutes Offensive
   Center                   Left Wing                Right Wing               Defense                  Defense                  
   Sidney Crosby            Artemi Panarin           Jake Guentzel            Roman Josi               Jake Sanderson           

Last Minutes Defensive
   Center                   Left Wing                Right Wing               Defense                  Defense                  
   Sidney Crosby            Artemi Panarin           Jake Guentzel            Roman Josi               Ryan McDonagh            

Goaltenders
Starting : Tristan Jarry            
Backup : Anton Forsberg           

Extra Forwards
Normal : Artemi Panarin, Sidney Crosby, Jake Guentzel - PP : Sidney Crosby, Jake Guentzel - PK : Mathieu Joseph
Extra Defensemen
Normal : Jake Sanderson, Roman Josi, Samuel Girard - PP : Jake Sanderson - PK : Jaycob Megna, Samuel Girard
Penalty Shots
Sidney Crosby, Artemi Panarin, Jake Guentzel, Ivan Barbashev, Ryan Strome
Custom OT Lines Forwards
Sidney Crosby, Artemi Panarin, Jake Guentzel, Ivan Barbashev, Ryan Strome, Phil Kessel, Kailer Yamamoto, Paul Stastny, Mathieu Joseph, Milan Lucic
Custom OT Lines Defensemen
Roman Josi, Ryan McDonagh, Samuel Girard, Kevin Shattenkirk, Jake Sanderson

Scratches
None

KANSAS CITY KILLERBEES

5 vs 5 Forward 
   Center                   Left Wing                Right Wing               Time % Phy DF OF 
 1 Boone Jenner             James van Riemsdyk       Philipp Kurashev         36     1   2  2  
 2 Tyler Johnson            Nicholas Paul            Alexis Lafreniere        31     1   2  2  
 3 Morgan Barron            Zach Aston-Reese         Jakub Voracek            23     1   2  2  
 4 Jaret Anderson-Dolan     Anders Bjork             Nicolas Aube-Kubel       10     1   2  2  

5 vs 5 Defense 
   Defense                  Defense                                           Time % Phy DF OF 
 1 Mattias Ekholm           K'Andre Miller                                    36     1   2  2  
 2 Sean Walker              Jacob Muzzin                                      34     1   2  2  
 3 Riley Stillman           Daniel Walcott                                    22     1   2  2  
 4 Mattias Ekholm           K'Andre Miller                                    8      1   2  2  

PowerPlay Forward 
   Center                   Left Wing                Right Wing               Time % Phy DF OF 
 1 Boone Jenner             James van Riemsdyk       Alexis Lafreniere        55     1   2  2  
 2 Jakub Voracek            Nicholas Paul            Philipp Kurashev         45     1   2  2  

PowerPlay Defense
   Defense                  Defense                                           Time % Phy DF OF 
 1 Mattias Ekholm           K'Andre Miller                                    55     1   2  2  
 2 Sean Walker              Jacob Muzzin                                      45     1   2  2  

Penalty Kill 4 Players Forward 
   Center                   Wing                     Time % Phy DF OF 
 1 Boone Jenner             Philipp Kurashev         55     1   2  2  
 2 James van Riemsdyk       Nicholas Paul            45     1   2  2  

Penalty Kill 4 Players Defense
   Defense                  Defense                  Time % Phy DF OF 
 1 Mattias Ekholm           K'Andre Miller           55     1   2  2  
 2 Sean Walker              Jacob Muzzin             45     1   2  2  

Penalty Kill - 3 Players Forward 
   Forward                                           Time % Phy DF OF 
 1 Boone Jenner                                      55     1   2  2  
 2 James van Riemsdyk                                45     1   2  2  

Penalty Kill - 3 Players Defense
   Defense                  Defense                  Time % Phy DF OF 
 1 Mattias Ekholm           K'Andre Miller           55     1   2  2  
 2 Sean Walker              Jacob Muzzin             45     1   2  2  

4 vs 4 Forward 
   Center                   Wing                     Time % Phy DF OF 
 1 Boone Jenner             Philipp Kurashev         55     1   2  2  
 2 James van Riemsdyk       Nicholas Paul            45     1   2  2  

4 vs 4 Defense
   Defense                  Defense                  Time % Phy DF OF 
 1 Mattias Ekholm           K'Andre Miller           55     1   2  2  
 2 Sean Walker              Jacob Muzzin             45     1   2  2  

Last Minutes Offensive
   Center                   Left Wing                Right Wing               Defense                  Defense                  
   Boone Jenner             James van Riemsdyk       Nicholas Paul            Alexis Lafreniere        K'Andre Miller           

Last Minutes Defensive
   Center                   Left Wing                Right Wing               Defense                  Defense                  
   Boone Jenner             James van Riemsdyk       Philipp Kurashev         Mattias Ekholm           K'Andre Miller           

Goaltenders
Starting : Ilya Samsonov            
Backup : Cal Petersen             

Extra Forwards
Normal : Jakub Voracek, Morgan Barron, Zach Aston-Reese - PP : Jakub Voracek, Morgan Barron - PK : Zach Aston-Reese
Extra Defensemen
Normal : Riley Stillman, Daniel Walcott, Sean Walker - PP : Riley Stillman - PK : Daniel Walcott, Sean Walker
Penalty Shots
Boone Jenner, Alexis Lafreniere, James van Riemsdyk, Nicholas Paul, Philipp Kurashev
Custom OT Lines Forwards
Boone Jenner, Daniel Walcott, James van Riemsdyk, Nicholas Paul, Philipp Kurashev, Alexis Lafreniere, Jakub Voracek, Morgan Barron, Zach Aston-Reese, Jaret Anderson-Dolan
Custom OT Lines Defensemen
Mattias Ekholm, K'Andre Miller, Sean Walker, Jacob Muzzin, Riley Stillman

Scratches
None


% Time on Ice - SASKATOON DUCKS

Lines # - Real PCT - Wanted PCT - Time Play
Normal Forward
1 - 36% - 40% - 18:50
2 - 30% - 30% - 15:24
3 - 22% - 20% - 11:12
4 - 13% - 10% - 6:38
Normal Defense
1 - 36% - 40% - 18:59
2 - 37% - 40% - 19:13
3 - 27% - 20% - 13:52
4 - 0% - 0% - 0:00
PP Forward
1 - 64% - 55% - 2:32
2 - 36% - 45% - 1:26
PP Defense
1 - 68% - 55% - 2:41
2 - 32% - 45% - 1:17
PK Forward
1 - 0% - 55%
2 - 0% - 45%
PK Defense
1 - 0% - 55%
2 - 0% - 45%
PK3 Forward
1 - 0% - 55%
2 - 0% - 45%
PK3 Defense
1 - 0% - 55%
2 - 0% - 45%
44 Forward
1 - 67% - 55% - 2:40
2 - 33% - 45% - 1:18
44 Defense
1 - 57% - 55% - 2:15
2 - 43% - 45% - 1:43
Last Minute Offensive  - 0:00
Last Minute Defensive  - 0:00
Total
Forward - 60:00
Defense - 60:00

% Time on Ice - KANSAS CITY KILLERBEES

Lines # - Real PCT - Wanted PCT - Time Play
Normal Forward
1 - 34% - 36% - 17:27
2 - 30% - 31% - 15:33
3 - 23% - 23% - 11:44
4 - 14% - 10% - 7:20
Normal Defense
1 - 35% - 36% - 18:05
2 - 33% - 34% - 17:25
3 - 29% - 22% - 15:03
4 - 3% - 8% - 1:31
PP Forward
1 - 0% - 55%
2 - 0% - 45%
PP Defense
1 - 0% - 55%
2 - 0% - 45%
PK Forward
1 - 70% - 55% - 2:46
2 - 30% - 45% - 1:12
PK Defense
1 - 69% - 55% - 2:45
2 - 31% - 45% - 1:13
PK3 Forward
1 - 0% - 55%
2 - 0% - 45%
PK3 Defense
1 - 0% - 55%
2 - 0% - 45%
44 Forward
1 - 69% - 55% - 2:45
2 - 31% - 45% - 1:13
44 Defense
1 - 45% - 55% - 1:48
2 - 55% - 45% - 2:10
Last Minute Offensive  - 0:00
Last Minute Defensive  - 0:00
Total
Forward - 60:00
Defense - 60:00

Play-by-Play

1st period


0:01 of 1st period - Sidney Crosby wins face-off versus Philipp Kurashev in neutral zone.
0:35 of 1st period - Roman Josi is hit by Philipp Kurashev and loses puck.
0:46 of 1st period - Shot by Boone Jenner.
0:46 of 1st period - Shot Blocked by Jake Guentzel.
1:05 of 1st period - Icing by Sean Walker.
1:06 of 1st period - Ryan Strome wins face-off versus Tyler Johnson in KANSAS CITY KILLERBEES zone.
1:21 of 1st period - Shot by Kailer Yamamoto.
1:21 of 1st period - Stopped by Ilya Samsonov without a rebound.
1:22 of 1st period - Paul Stastny wins face-off versus Morgan Barron in KANSAS CITY KILLERBEES zone.
1:22 of 1st period - Paul Stastny is hit by Riley Stillman.
1:32 of 1st period - Shot by Phil Kessel.
1:32 of 1st period - Shot Misses the Net.
1:35 of 1st period - Icing by Riley Stillman.
1:36 of 1st period - Jakub Voracek wins face-off versus Ryan Strome in KANSAS CITY KILLERBEES zone.
2:01 of 1st period - Shot by Artemi Panarin.
2:01 of 1st period - Stopped by Ilya Samsonov without a rebound.
2:02 of 1st period - Anthony Duclair wins face-off versus Jaret Anderson-Dolan in KANSAS CITY KILLERBEES zone.
2:25 of 1st period - Shot by Milan Lucic.
2:25 of 1st period - Shot Misses the Net.
3:02 of 1st period - Off-side.
3:03 of 1st period - Tyler Johnson wins face-off versus Sidney Crosby in neutral zone.
3:34 of 1st period - Shot by Sidney Crosby.
3:34 of 1st period - Stopped by Ilya Samsonov with a rebound.
3:36 of 1st period - Shot by Sidney Crosby.
3:36 of 1st period - Stopped by Ilya Samsonov without a rebound.
3:37 of 1st period - Philipp Kurashev wins face-off versus Ryan Strome in KANSAS CITY KILLERBEES zone.
3:53 of 1st period - Shot by Boone Jenner.
3:53 of 1st period - Deflect By Philipp Kurashev.
3:53 of 1st period - Goal by Philipp Kurashev - SASKATOON DUCKS : 0 - KANSAS CITY KILLERBEES : 1.
3:54 of 1st period - Paul Stastny wins face-off versus Morgan Barron in neutral zone.
4:01 of 1st period - Shot by Mathieu Joseph.
4:01 of 1st period - Stopped by Ilya Samsonov without a rebound.
4:02 of 1st period - Boone Jenner wins face-off versus Ryan Strome in KANSAS CITY KILLERBEES zone.
4:08 of 1st period - James van Riemsdyk is hit by Ryan Strome and loses puck.
4:45 of 1st period - Icing by Riley Stillman.
4:46 of 1st period - Boone Jenner wins face-off versus Paul Stastny in KANSAS CITY KILLERBEES zone.
5:05 of 1st period - Shot by Paul Stastny.
5:05 of 1st period - Shot Misses the Net.
5:07 of 1st period - Shot by Roman Josi.
5:07 of 1st period - Shot Blocked by Riley Stillman.
5:20 of 1st period - Icing by Boone Jenner.
5:21 of 1st period - Boone Jenner wins face-off versus Sidney Crosby in KANSAS CITY KILLERBEES zone.
5:21 of 1st period - James van Riemsdyk is hit by Ivan Barbashev and loses puck.
5:52 of 1st period - Shot by Sidney Crosby.
5:52 of 1st period - Stopped by Ilya Samsonov without a rebound.
5:53 of 1st period - Ryan Strome wins face-off versus Tyler Johnson in KANSAS CITY KILLERBEES zone.
6:02 of 1st period - Shot by Artemi Panarin.
6:02 of 1st period - Goal by Artemi Panarin - SASKATOON DUCKS : 1 - KANSAS CITY KILLERBEES : 1.
6:03 of 1st period - Paul Stastny wins face-off versus Morgan Barron in neutral zone.
6:30 of 1st period - Shot by Samuel Girard.
6:30 of 1st period - Deflect By Paul Stastny.
6:30 of 1st period - Stopped by Ilya Samsonov without a rebound.
6:31 of 1st period - Nicholas Paul wins face-off versus Sidney Crosby in KANSAS CITY KILLERBEES zone.
6:31 of 1st period - Nicholas Paul is hit by Sidney Crosby.
7:26 of 1st period - Shot by Jaret Anderson-Dolan.
7:26 of 1st period - Stopped by Tristan Jarry without a rebound.
7:27 of 1st period - Ryan Strome wins face-off versus Morgan Barron in SASKATOON DUCKS zone.
7:27 of 1st period - Ryan Strome is hit by Zach Aston-Reese.
7:55 of 1st period - Shot by Artemi Panarin.
7:55 of 1st period - Shot Misses the Net.
8:12 of 1st period - Shot by Samuel Girard.
8:12 of 1st period - Shot Blocked by Zach Aston-Reese.
8:14 of 1st period - Shot by Jake Sanderson.
8:14 of 1st period - Shot Misses the Net.
8:50 of 1st period - Shot by Anthony Duclair.
8:50 of 1st period - Stopped by Ilya Samsonov with a rebound.
9:13 of 1st period - Icing by Ryan McDonagh.
9:14 of 1st period - Tyler Johnson wins face-off versus Sidney Crosby in SASKATOON DUCKS zone.
9:14 of 1st period - Alexis Lafreniere is hit by Roman Josi and loses puck.
9:16 of 1st period - Minor Penalty to Nicholas Paul for Hooking.
9:17 of 1st period - Boone Jenner wins face-off versus Sidney Crosby in KANSAS CITY KILLERBEES zone.
9:34 of 1st period - Shot by Sidney Crosby.
9:34 of 1st period - Shot Misses the Net.
9:36 of 1st period - Shot by Samuel Girard.
9:36 of 1st period - Shot Misses the Net.
9:38 of 1st period - Shot by Samuel Girard.
9:38 of 1st period - Shot Misses the Net.
9:56 of 1st period - Shot by Sidney Crosby.
9:56 of 1st period - Stopped by Ilya Samsonov without a rebound.
9:57 of 1st period - Ryan Strome wins face-off versus James van Riemsdyk in KANSAS CITY KILLERBEES zone.
10:32 of 1st period - Off-side.
10:33 of 1st period - Boone Jenner wins face-off versus Sidney Crosby in neutral zone.
10:48 of 1st period - Shot by Boone Jenner.
10:48 of 1st period - Shot Misses the Net.
11:28 of 1st period - Jaret Anderson-Dolan is hit by Jaycob Megna.
11:34 of 1st period - Shot by Anthony Duclair.
11:34 of 1st period - Stopped by Ilya Samsonov without a rebound.
11:35 of 1st period - Paul Stastny wins face-off versus Tyler Johnson in KANSAS CITY KILLERBEES zone.
11:44 of 1st period - Shot by Phil Kessel.
11:44 of 1st period - Stopped by Ilya Samsonov without a rebound.
11:45 of 1st period - James van Riemsdyk wins face-off versus Ryan Strome in KANSAS CITY KILLERBEES zone.
12:08 of 1st period - Shot by James van Riemsdyk.
12:08 of 1st period - Shot Hit the Post.
12:18 of 1st period - Kevin Shattenkirk is hit by Boone Jenner and loses puck.
12:46 of 1st period - Off-side.
12:47 of 1st period - Tyler Johnson wins face-off versus Mathieu Joseph in neutral zone.
13:10 of 1st period - Shot by Phil Kessel.
13:10 of 1st period - Shot Misses the Net.
13:12 of 1st period - Shot by Mathieu Joseph.
13:12 of 1st period - Shot Misses the Net.
13:14 of 1st period - Shot by Mathieu Joseph.
13:14 of 1st period - Stopped by Ilya Samsonov without a rebound.
13:15 of 1st period - Ivan Barbashev wins face-off versus Morgan Barron in KANSAS CITY KILLERBEES zone.
13:16 of 1st period - Shot by Sidney Crosby.
13:16 of 1st period - Stopped by Ilya Samsonov with a rebound.
14:28 of 1st period - Icing by Nicholas Paul.
14:29 of 1st period - Ryan Strome wins face-off versus Tyler Johnson in KANSAS CITY KILLERBEES zone.
15:45 of 1st period - Mathieu Joseph is hit by Jacob Muzzin and loses puck.
16:35 of 1st period - Icing by Boone Jenner.
16:36 of 1st period - Sidney Crosby wins face-off versus Philipp Kurashev in KANSAS CITY KILLERBEES zone.
17:15 of 1st period - Shot by Jake Guentzel.
17:15 of 1st period - Stopped by Ilya Samsonov with a rebound.
17:17 of 1st period - Shot by Roman Josi.
17:17 of 1st period - Shot Misses the Net.
17:19 of 1st period - Shot by Ryan McDonagh.
17:19 of 1st period - Stopped by Ilya Samsonov without a rebound.
17:20 of 1st period - Jakub Voracek wins face-off versus Ryan Strome in KANSAS CITY KILLERBEES zone.
17:49 of 1st period - Shot by Jakub Voracek.
17:49 of 1st period - Shot Misses the Net.
17:51 of 1st period - Shot by Morgan Barron.
17:51 of 1st period - Shot Misses the Net.
19:07 of 1st period - Shot by Philipp Kurashev.
19:07 of 1st period - Stopped by Tristan Jarry without a rebound.
19:08 of 1st period - Sidney Crosby wins face-off versus Tyler Johnson in SASKATOON DUCKS zone.
Goals for this period are 1 for SASKATOON DUCKS vs 1 for KANSAS CITY KILLERBEES.
Shots for this period are 16 for SASKATOON DUCKS vs 3 for KANSAS CITY KILLERBEES.

2nd period


0:01 of 2nd period - Sidney Crosby wins face-off versus Boone Jenner in neutral zone.
0:18 of 2nd period - Shot by Sidney Crosby.
0:18 of 2nd period - Shot Blocked by K'Andre Miller.
0:44 of 2nd period - Jake Guentzel is hit by Mattias Ekholm and loses puck.
1:33 of 2nd period - Shot by Tyler Johnson.
1:33 of 2nd period - Stopped by Tristan Jarry without a rebound.
1:34 of 2nd period - Ryan Strome wins face-off versus Morgan Barron in SASKATOON DUCKS zone.
2:11 of 2nd period - Shot by Artemi Panarin.
2:11 of 2nd period - Stopped by Ilya Samsonov with a rebound.
2:15 of 2nd period - Shot by Artemi Panarin.
2:15 of 2nd period - Goal by Artemi Panarin - SASKATOON DUCKS : 2 - KANSAS CITY KILLERBEES : 1.
2:16 of 2nd period - Tyler Johnson wins face-off versus Sidney Crosby in neutral zone.
2:25 of 2nd period - Jake Sanderson is hit by Tyler Johnson and loses puck.
2:50 of 2nd period - Shot by Sidney Crosby.
2:50 of 2nd period - Shot Blocked by Nicholas Paul.
2:52 of 2nd period - Shot by Jake Sanderson.
2:52 of 2nd period - Stopped by Ilya Samsonov with a rebound.
3:49 of 2nd period - Shot by Boone Jenner.
3:49 of 2nd period - Shot Misses the Net.
3:51 of 2nd period - Shot by K'Andre Miller.
3:51 of 2nd period - Stopped by Tristan Jarry with a rebound.
3:53 of 2nd period - Shot by James van Riemsdyk.
3:53 of 2nd period - Stopped by Tristan Jarry without a rebound.
3:54 of 2nd period - Ryan Strome wins face-off versus Morgan Barron in SASKATOON DUCKS zone.
3:54 of 2nd period - Ryan Strome is hit by Zach Aston-Reese.
3:59 of 2nd period - Minor Penalty to Morgan Barron for Tripping.
3:59 of 2nd period - Minor Penalty to Kailer Yamamoto for Tripping.
4:00 of 2nd period - Boone Jenner wins face-off versus Sidney Crosby in neutral zone.
4:19 of 2nd period - Shot by Jake Guentzel.
4:19 of 2nd period - Stopped by Ilya Samsonov without a rebound.
4:20 of 2nd period - Ryan Strome wins face-off versus James van Riemsdyk in KANSAS CITY KILLERBEES zone.
4:27 of 2nd period - Shot by Artemi Panarin.
4:27 of 2nd period - Stopped by Ilya Samsonov with a rebound.
4:29 of 2nd period - Shot by Jake Sanderson.
4:29 of 2nd period - Shot Misses the Net.
4:59 of 2nd period - Shot by Nicholas Paul.
4:59 of 2nd period - Stopped by Tristan Jarry without a rebound.
5:00 of 2nd period - Boone Jenner wins face-off versus Sidney Crosby in SASKATOON DUCKS zone.
5:01 of 2nd period - Shot by Philipp Kurashev.
5:01 of 2nd period - Shot Blocked by Samuel Girard.
6:03 of 2nd period - Icing by Kevin Shattenkirk.
6:04 of 2nd period - Nicholas Paul wins face-off versus Paul Stastny in SASKATOON DUCKS zone.
7:09 of 2nd period - Shot by Zach Aston-Reese.
7:09 of 2nd period - Shot Misses the Net.
8:20 of 2nd period - Boone Jenner is hit by Samuel Girard and loses puck.
8:23 of 2nd period - Shot by Boone Jenner.
8:23 of 2nd period - Shot Misses the Net.
9:04 of 2nd period - Icing by Brendan Lemieux.
9:05 of 2nd period - Brendan Lemieux wins face-off versus Tyler Johnson in SASKATOON DUCKS zone.
9:21 of 2nd period - Shot by Tyler Johnson.
9:21 of 2nd period - Shot Misses the Net.
9:29 of 2nd period - Shot by Alexis Lafreniere.
9:29 of 2nd period - Stopped by Tristan Jarry without a rebound.
9:30 of 2nd period - Boone Jenner wins face-off versus Ryan Strome in SASKATOON DUCKS zone.
9:31 of 2nd period - Shot by James van Riemsdyk.
9:31 of 2nd period - Stopped by Tristan Jarry without a rebound.
9:32 of 2nd period - Ryan Strome wins face-off versus Boone Jenner in SASKATOON DUCKS zone.
9:42 of 2nd period - Icing by Kailer Yamamoto.
9:43 of 2nd period - Tyler Johnson wins face-off versus Ryan Strome in SASKATOON DUCKS zone.
10:03 of 2nd period - Icing by Ryan McDonagh.
10:04 of 2nd period - Ryan Strome wins face-off versus James van Riemsdyk in SASKATOON DUCKS zone.
10:04 of 2nd period - Artemi Panarin is hit by Boone Jenner and loses puck.
10:13 of 2nd period - Shot by Roman Josi.
10:13 of 2nd period - Stopped by Ilya Samsonov without a rebound.
10:14 of 2nd period - Sidney Crosby wins face-off versus Philipp Kurashev in KANSAS CITY KILLERBEES zone.
10:35 of 2nd period - Shot by Boone Jenner.
10:35 of 2nd period - Shot Misses the Net.
10:37 of 2nd period - Shot by Boone Jenner.
10:37 of 2nd period - Shot Misses the Net.
10:43 of 2nd period - Shot by Boone Jenner.
10:43 of 2nd period - Shot Blocked by Samuel Girard.
10:45 of 2nd period - Shot by Boone Jenner.
10:45 of 2nd period - Goal by Boone Jenner - SASKATOON DUCKS : 2 - KANSAS CITY KILLERBEES : 2.
10:46 of 2nd period - Phil Kessel wins face-off versus Tyler Johnson in neutral zone.
11:17 of 2nd period - Shot by Paul Stastny.
11:17 of 2nd period - Shot Misses the Net.
11:19 of 2nd period - Shot by Roman Josi.
11:19 of 2nd period - Stopped by Ilya Samsonov without a rebound.
11:20 of 2nd period - Sidney Crosby wins face-off versus Boone Jenner in KANSAS CITY KILLERBEES zone.
12:06 of 2nd period - Jake Sanderson is hit by James van Riemsdyk and loses puck.
12:20 of 2nd period - Off-side.
12:21 of 2nd period - Ryan Strome wins face-off versus Morgan Barron in neutral zone.
12:49 of 2nd period - Icing by Artemi Panarin.
12:50 of 2nd period - Ryan Strome wins face-off versus Tyler Johnson in SASKATOON DUCKS zone.
13:35 of 2nd period - Shot by Phil Kessel.
13:35 of 2nd period - Stopped by Ilya Samsonov without a rebound.
13:36 of 2nd period - Boone Jenner wins face-off versus Sidney Crosby in KANSAS CITY KILLERBEES zone.
13:41 of 2nd period - Sidney Crosby is hit by Boone Jenner and loses puck.
14:12 of 2nd period - Shot by Jake Guentzel.
14:12 of 2nd period - Stopped by Ilya Samsonov without a rebound.
14:13 of 2nd period - Jakub Voracek wins face-off versus Paul Stastny in KANSAS CITY KILLERBEES zone.
14:25 of 2nd period - Minor Penalty to K'Andre Miller for Boarding.
14:25 of 2nd period - Minor Penalty to Phil Kessel for Tripping.
14:26 of 2nd period - Boone Jenner wins face-off versus Sidney Crosby in KANSAS CITY KILLERBEES zone.
14:43 of 2nd period - Shot by Philipp Kurashev.
14:43 of 2nd period - Stopped by Tristan Jarry without a rebound.
14:44 of 2nd period - Sidney Crosby wins face-off versus Boone Jenner in SASKATOON DUCKS zone.
14:57 of 2nd period - Shot by Jake Guentzel.
14:57 of 2nd period - Shot Blocked by Sean Walker.
15:15 of 2nd period - Shot by Boone Jenner.
15:15 of 2nd period - Shot Misses the Net.
15:34 of 2nd period - Off-side.
15:35 of 2nd period - Ryan Strome wins face-off versus James van Riemsdyk in neutral zone.
15:42 of 2nd period - Shot by Roman Josi.
15:42 of 2nd period - Shot Blocked by Mattias Ekholm.
15:53 of 2nd period - Icing by Mattias Ekholm.
15:54 of 2nd period - Ryan Strome wins face-off versus James van Riemsdyk in KANSAS CITY KILLERBEES zone.
16:07 of 2nd period - Shot by Artemi Panarin.
16:07 of 2nd period - Stopped by Ilya Samsonov without a rebound.
16:08 of 2nd period - Boone Jenner wins face-off versus Sidney Crosby in KANSAS CITY KILLERBEES zone.
16:25 of 2nd period - Shot by Philipp Kurashev.
16:25 of 2nd period - Stopped by Tristan Jarry with a rebound.
16:30 of 2nd period - Icing by Phil Kessel.
16:31 of 2nd period - Paul Stastny wins face-off versus Tyler Johnson in SASKATOON DUCKS zone.
16:41 of 2nd period - Paul Stastny is hit by Jacob Muzzin and loses puck.
17:56 of 2nd period - Shot by Sidney Crosby.
17:56 of 2nd period - Deflect By Jake Guentzel.
17:56 of 2nd period - Stopped by Ilya Samsonov with a rebound.
18:45 of 2nd period - Artemi Panarin is hit by Daniel Walcott and loses puck.
18:57 of 2nd period - Samuel Girard is hit by Zach Aston-Reese and loses puck.
19:25 of 2nd period - Ryan Strome is hit by Jacob Muzzin and loses puck.
19:39 of 2nd period - Off-side.
19:40 of 2nd period - Nicolas Aube-Kubel wins face-off versus Paul Stastny in neutral zone.
Goals for this period are 1 for SASKATOON DUCKS vs 1 for KANSAS CITY KILLERBEES.
Shots for this period are 11 for SASKATOON DUCKS vs 9 for KANSAS CITY KILLERBEES.

3rd period


0:01 of 3rd period - Sidney Crosby wins face-off versus Philipp Kurashev in neutral zone.
0:22 of 3rd period - Icing by Ryan McDonagh.
0:23 of 3rd period - Tyler Johnson wins face-off versus Sidney Crosby in SASKATOON DUCKS zone.
1:28 of 3rd period - Boone Jenner is hit by Kailer Yamamoto and loses puck.
1:37 of 3rd period - Shot by Artemi Panarin.
1:37 of 3rd period - Stopped by Ilya Samsonov with a rebound.
1:45 of 3rd period - Shot by Artemi Panarin.
1:45 of 3rd period - Shot Blocked by Sean Walker.
2:57 of 3rd period - Shot by Brendan Lemieux.
2:57 of 3rd period - Shot Blocked by Riley Stillman.
2:59 of 3rd period - Shot by Ryan McDonagh.
2:59 of 3rd period - Stopped by Ilya Samsonov without a rebound.
3:00 of 3rd period - Sidney Crosby wins face-off versus Tyler Johnson in KANSAS CITY KILLERBEES zone.
3:06 of 3rd period - Samuel Girard is hit by Mattias Ekholm and loses puck.
3:10 of 3rd period - Icing by K'Andre Miller.
3:11 of 3rd period - Tyler Johnson wins face-off versus Ryan Strome in KANSAS CITY KILLERBEES zone.
3:38 of 3rd period - Shot by Mattias Ekholm.
3:38 of 3rd period - Stopped by Tristan Jarry without a rebound.
3:39 of 3rd period - Sidney Crosby wins face-off versus Boone Jenner in SASKATOON DUCKS zone.
3:44 of 3rd period - Shot by Sidney Crosby.
3:44 of 3rd period - Shot Misses the Net.
3:46 of 3rd period - Shot by Ivan Barbashev.
3:46 of 3rd period - Shot Misses the Net.
3:48 of 3rd period - Shot by Sidney Crosby.
3:48 of 3rd period - Stopped by Ilya Samsonov without a rebound.
3:49 of 3rd period - Boone Jenner wins face-off versus Sidney Crosby in KANSAS CITY KILLERBEES zone.
4:08 of 3rd period - Shot by Boone Jenner.
4:08 of 3rd period - Stopped by Tristan Jarry without a rebound.
4:09 of 3rd period - Ryan Strome wins face-off versus Morgan Barron in SASKATOON DUCKS zone.
5:01 of 3rd period - Boone Jenner is hit by Roman Josi and loses puck.
6:07 of 3rd period - Shot by Alexis Lafreniere.
6:07 of 3rd period - Shot Misses the Net.
6:09 of 3rd period - Shot by Riley Stillman.
6:09 of 3rd period - Stopped by Tristan Jarry without a rebound.
6:10 of 3rd period - Paul Stastny wins face-off versus Jaret Anderson-Dolan in SASKATOON DUCKS zone.
7:12 of 3rd period - Icing by Jaycob Megna.
7:13 of 3rd period - James van Riemsdyk wins face-off versus Paul Stastny in SASKATOON DUCKS zone.
7:44 of 3rd period - Icing by Jaycob Megna.
7:45 of 3rd period - Tyler Johnson wins face-off versus Paul Stastny in SASKATOON DUCKS zone.
7:45 of 3rd period - Tyler Johnson is hit by Jaycob Megna.
8:50 of 3rd period - Shot by Boone Jenner.
8:50 of 3rd period - Shot Misses the Net.
9:18 of 3rd period - Shot by Boone Jenner.
9:18 of 3rd period - Deflect By James van Riemsdyk.
9:18 of 3rd period - Stopped by Tristan Jarry with a rebound.
11:29 of 3rd period - Icing by Daniel Walcott.
11:30 of 3rd period - Jaret Anderson-Dolan wins face-off versus Sidney Crosby in KANSAS CITY KILLERBEES zone.
11:34 of 3rd period - Off-side.
11:35 of 3rd period - Boone Jenner wins face-off versus Anthony Duclair in neutral zone.
13:00 of 3rd period - Shot by Sidney Crosby.
13:00 of 3rd period - Shot Misses the Net.
13:37 of 3rd period - Zach Aston-Reese is hit by Jake Sanderson and loses puck.
14:18 of 3rd period - Shot by Artemi Panarin.
14:18 of 3rd period - Shot Blocked by Jacob Muzzin.
14:50 of 3rd period - Phil Kessel is hit by Nicolas Aube-Kubel and loses puck.
15:36 of 3rd period - Shot by Jake Guentzel.
15:36 of 3rd period - Stopped by Ilya Samsonov with a rebound.
15:40 of 3rd period - Shot by Ivan Barbashev.
15:40 of 3rd period - Shot Misses the Net.
17:13 of 3rd period - Icing by Riley Stillman.
17:14 of 3rd period - Tyler Johnson wins face-off versus Ryan Strome in KANSAS CITY KILLERBEES zone.
17:14 of 3rd period - Tyler Johnson is hit by Kailer Yamamoto.
17:35 of 3rd period - Tyler Johnson is hit by Jake Sanderson and loses puck.
17:40 of 3rd period - Shot by Alexis Lafreniere.
17:40 of 3rd period - Shot Misses the Net.
17:42 of 3rd period - Shot by Alexis Lafreniere.
17:42 of 3rd period - Shot Misses the Net.
17:44 of 3rd period - Shot by Nicholas Paul.
17:44 of 3rd period - Stopped by Tristan Jarry without a rebound.
17:45 of 3rd period - Sidney Crosby wins face-off versus Morgan Barron in SASKATOON DUCKS zone.
17:45 of 3rd period - Sidney Crosby is hit by Zach Aston-Reese.
17:58 of 3rd period - Minor Penalty to Mattias Ekholm for Holding.
17:59 of 3rd period - Boone Jenner wins face-off versus Artemi Panarin in KANSAS CITY KILLERBEES zone.
18:16 of 3rd period - Shot by Roman Josi.
18:16 of 3rd period - Shot Misses the Net.
19:19 of 3rd period - Shot by Sidney Crosby.
19:19 of 3rd period - Shot Misses the Net.
19:21 of 3rd period - Shot by Ivan Barbashev.
19:21 of 3rd period - Stopped by Ilya Samsonov without a rebound.
19:22 of 3rd period - Sidney Crosby wins face-off versus James van Riemsdyk in KANSAS CITY KILLERBEES zone.
19:25 of 3rd period - Shot by Ivan Barbashev.
19:25 of 3rd period - Stopped by Ilya Samsonov without a rebound.
19:26 of 3rd period - Ryan Strome wins face-off versus Boone Jenner in KANSAS CITY KILLERBEES zone.
19:27 of 3rd period - Shot by Artemi Panarin.
19:27 of 3rd period - Stopped by Ilya Samsonov without a rebound.
19:28 of 3rd period - Sidney Crosby wins face-off versus Boone Jenner in KANSAS CITY KILLERBEES zone.
Goals for this period are 0 for SASKATOON DUCKS vs 0 for KANSAS CITY KILLERBEES.
Shots for this period are 7 for SASKATOON DUCKS vs 5 for KANSAS CITY KILLERBEES.

Overtime #1


0:01 of 1st overtime period - Boone Jenner wins face-off versus Sidney Crosby in neutral zone.
0:08 of 1st overtime period - Shot by Boone Jenner.
0:08 of 1st overtime period - Goal by Boone Jenner - SASKATOON DUCKS : 2 - KANSAS CITY KILLERBEES : 3.
Goals for this period are 0 for SASKATOON DUCKS vs 1 for KANSAS CITY KILLERBEES.
Shots for this period are 0 for SASKATOON DUCKS vs 1 for KANSAS CITY KILLERBEES.


ROOPE
HINTZ
ARTEMI
PANARIN
MIRO
HEISKANEN

EAST COAST

HOCKEY LEAGUE

  • 59.RHI1PIT5
  • 60.WOR6ATL7
  • 61.CHWQUE
  • 62.TRVCHA